 Dungeon Crawl Stone Soup version 0.31.0-1-g2c135a008e (webtiles) character file.

Game seed: 9343107217369531764

44 qw the Shooter (level 3, -1/29 HPs)
             Began as a Djinni Hunter on Jan 24, 2024.
             Slain by a gnoll
             ... wielding a +0 spear
              (4 damage)
             ... on level 2 of the Dungeon.
             The game lasted 00:00:04 (886 turns).

qw the Shooter (Djinni Hunter)                       Turns: 886, Time: 00:00:04

Health: -1/29      AC:  3    Str: 10    XL:     3   Next: 87%
Gold:   69         EV: 12    Int: 10    God:
                   SH:  0    Dex: 18

rFire   + + .        a - +0 shortbow
rCold   x . .        (shield currently unavailable)
rNeg    . . .        c - +0 leather armour
rPois   inf          (no helmet)
rElec   .            (no cloak)
rCorr   .            (no gloves)
SInv    .            (boots unavailable)
Will    .....        (no amulet)
Stlth   ++           (no ring)
HPRegen 0.24/turn    (no ring)
MPRegen 0.00/turn

%: infuse magic (-2 HP)
@: flying
A: sickness immunity, fire resistance 2, cold vulnerability 1, float, innate
caster, HP casting, extra vitality 1
a: no special abilities


You were on level 2 of the Dungeon.
You visited 1 branch of the dungeon, and saw 2 of its levels.

You collected 69 gold pieces.


Innate Abilities, Weirdness & Mutations

You are immune to sickness and miasma.
You are immune to poison.
Your flesh is very heat resistant. (rF++)
You are vulnerable to cold. (rC-)
You float through the air rather than walking.
You learn spells naturally, not from books.
Your magical power is your life essence.
You have superior vitality. (+4 MHP)


   Skills:
 + Level 2.8 Fighting
 - Level 4.0 Ranged Weapons
 - Level 2.1 Dodging
 - Level 0.7 Stealth


You knew the following spells:

 Your Spells              Type           Power      Damage    Failure   Level
a - Sandblast             Erth           0%         2d4       45%         1
Your spell library was empty.

Inventory:

Hand Weapons
 a - a +0 shortbow (weapon)
Armour
 b - a +0 ring mail
 c - a +0 leather armour (worn)
Scrolls
 e - a scroll of identify {unknown}
Potions
 d - a potion of might {unknown}
 f - a potion of degeneration {unknown}
 g - a potion of heal wounds {unknown}
 h - a potion of magic {unknown}
 i - a potion of mutation {unknown}

Dungeon Overview and Level Annotations

Branches:
Dungeon (2/15)

Altars:


Message History

You hear a shout! x5
You shoot an arrow. The arrow hits the gnoll.
The gnoll is moderately wounded.
The quokka twitches its whiskers.
You shoot an arrow. The arrow hits the quokka.
The quokka is severely wounded.
The gnoll hits you from afar with a +0 halberd.
The quokka bites you.
The gnoll hits you from afar with a +0 halberd!
Enter note: You shoot an arrow.
The gnoll shouts!
The arrow hits the quokka.
You kill the quokka!
You hear an angry hiss. x2
The gnoll hits you from afar with a +0 halberd!
You shoot an arrow. The arrow closely misses the gnoll.
A gnoll comes into view. It is wielding a +0 flail.
The gnoll barely misses you.
880 ||| RETREEEEATING.
Enter note:
881 ||| RETREEEEATING.
Enter note:
Enter note:
882 ||| RETREEEEATING.
You shoot an arrow. The arrow hits the gnoll.
The gnoll is heavily wounded.
The gnoll barely misses you.
Enter note:
884 ||| RETREEEEATING.
A ball python comes into view.
The gnoll barely misses you.
Enter note:
885 ||| RETREEEEATING.
The gnoll hits you but does no damage.
You shoot an arrow. The arrow hits the gnoll.
The gnoll is lightly wounded.
The gnoll barely misses you.
The gnoll hits you from afar with a +0 spear.
You die...

#....)..)...### #####........
#.............####.......[....##
##.[..........................#
#......%.....#...(#.........##
####...........###...........
#.........................
#.....................
#.........####.#......
.....>......@.........
.........###g##....?.
##.##.#....g####....
..........g.# ... .##.......# ..
#..####........ .... #.###g..w
#### ... .. ####


You could see 3 gnolls.

Vanquished Creatures
  2 dart slugs
  A ribbon worm (D:2)
  5 endoplasms
  6 giant cockroaches (D:1)
  3 goblins
  3 hobgoblins (D:1)
  2 quokkas
  3 ball pythons
  A frilled lizard (D:1)
  2 kobolds (D:1)
  7 rats
35 creatures vanquished.

Notes
Turn   | Place    | Note
-------+----------+-------------------------------------------
     0 | D:1      | qw the Djinni Hunter began the quest for the Orb.
     0 | D:1      | Reached XP level 1. HP: 18/18 MP: 0/0
     0 | D:1      | 0 ||| qw: Version: 0.3-a-136-gdd3b4e8
     0 | D:1      | 0 ||| qw: Game counter: 1457
     0 | D:1      | 0 ||| qw: Melee chars always use a shield: true
     0 | D:1      | 0 ||| qw: God list: Okawaru
     0 | D:1      | 0 ||| qw: Allow faded altars: false
     0 | D:1      | 0 ||| qw: Do Orc after clearing Dungeon:15 true
     0 | D:1      | 0 ||| qw: Do second Lair branch before Depths: true
     0 | D:1      | 0 ||| qw: Lair rune preference: random
     0 | D:1      | 0 ||| qw: Goals: Normal
     0 | D:1      | 0 ||| PLANNING D:1-11
   106 | D:1      | Reached XP level 2. HP: 17/23 MP: 0/0
   279 | D:1      | Reached XP level 3. HP: 28/28 MP: 0/0
   279 | D:1      | Learned a level 1 spell: Sandblast
   289 | D:1      | Reached skill level 4 in Ranged Weapons
   605 | D:1      | 605 ||| READING scroll labelled FEHO JUNEKH.
   706 | D:1      | 706 ||| DRINKING 2 amethyst potions.
   707 | D:1      | 707 ||| DROPPING scroll of butterflies.
   708 | D:1      | 708 ||| DROPPING potion of brilliance.
   730 | D:2      | 730 ||| STAIRDANCE
   875 | D:2      | 875 ||| RETREEEEATING.
   878 | D:2      | HP: 1/29 [gnoll/+0 halberd (12)]
   880 | D:2      | 880 ||| RETREEEEATING.
   881 | D:2      | 881 ||| RETREEEEATING.
   882 | D:2      | 882 ||| RETREEEEATING.
   884 | D:2      | 884 ||| RETREEEEATING.
   885 | D:2      | 885 ||| RETREEEEATING.
   886 | D:2      | Slain by a gnoll

Levels and vault maps discovered:
D:1:      erik_arrival_orb_chamber, layout_basic
D:2:      layout_rooms, uniq_robin

Skill      XL: |  1  2  3 |
---------------+----------+-----
Ranged Weapons | 4 |  4.0
Fighting       | |  2.8
Dodging        | |  2.1
Stealth        | |  0.7

Action                     || total
---------------------------++-------
   Fire: Shortbow          ||   103
    Use: Scroll            ||     1
         Potion            ||     1
 Armour: Leather armour    ||    19
  Dodge: Dodged            ||    29

Table legend:
 A = Non-vault XP
 B = Vault XP
 C = Vault XP percentage of total XP
 D = Non-vault monster count
 E = Vault monster count
 F = Vault count percentage of total count
                 A         B        C        D         E       F
            +---------+---------+-------+---------+---------+-------
      Total |      64 |       0 |   0.0 |      35 |       0 |   0.0
            +---------+---------+-------+---------+---------+-------
        D:1 |      46 |       0 |   0.0 |      26 |       0 |   0.0
        D:2 |      18 |       0 |   0.0 |       9 |       0 |   0.0
            +---------+---------+-------+---------+---------+-------
